 Dungeon Crawl Stone Soup version 0.29-a0-231-g945431f764 (webtiles) character file.

Game seed: 7469173871081373148

167701 drugrobin the Warrior (level 16, -26/155 HPs)
             Began as a Demigod Fighter on Mar 1, 2022.
             Killed from afar by a tengu reaver (52 damage)
             ... with a bolt of fire
             ... on level 3 of the Depths.
             The game lasted 01:15:33 (33663 turns).

drugrobin the Warrior (Demigod Fighter)            Turns: 33663, Time: 01:15:33

Health: -26/155    AC: 43    Str: 32    XL:     16   Next: 77%
Magic:  28/28      EV:  8    Int: 23    God:
Gold:   2218       SH:  4    Dex: 13    Spells: 13/15 levels left

rFire   x . .      SeeInvis +   a - +10 hand axe of the Chewing Scavenger {elec, rF- rN+ MP+9 Str+3}
rCold   . . .      Faith    .   F - +0 buckler
rNeg    + . .      Spirit   .   U - +15 Maxwell's patent armour {-Cast -Tele rElec Will+ rCorr}
rPois   .          Reflect  .   s - +2 helmet
rElec   +          Harm     .   E - +0 cloak
rCorr   +          Rampage  +   Z - +2 pair of gloves {infuse}
Will    ++...      NoTele   +   u - +0 pair of boots "Vulliuf" {Rampage Int+5}
Stlth   .......... NoCast   +   B - amulet of regeneration
HPRegen 1.15/turn               L - +4 ring of slaying
MPRegen 0.21/turn               f - ring of see invisible

@: lethally poisoned (-26 -> -31)
A: high MP 1, forlorn, divine attributes
a: no special abilities


You were on level 3 of the Depths.
You visited 5 branches of the dungeon, and saw 27 of its levels.
You also visited: Volcano.

You collected 3950 gold pieces.
You spent 1732 gold pieces at shops.

Inventory:

Hand Weapons
 a - the +10 hand axe of the Chewing Scavenger (weapon) {elec, rF- rN+ MP+9 Str+3}
   (You found it on level 8 of the Dungeon)

   It occasionally discharges a powerful burst of electricity upon striking a
   foe.
   Str:       It affects your strength (+3).
   rF:        It makes you vulnerable to fire.
   rN:        It protects you from negative energy.
   MP:        It affects your magic capacity (+9).
 l - a +4 hand axe of freezing
 v - a +2 short sword of venom
 I - a +1 executioner's axe of electrocution
 S - the +4 hand axe "Xotrifip" {flame, Str+4}
   (You bought it in a shop on level 2 of the Orcish Mines)

   It burns those it strikes, dealing additional fire damage.
   Big, fiery blades are also staple armaments of hydra-hunters.
   Str:       It affects your strength (+4).
Missiles
 z - 13 curare-tipped darts
 A - 26 poisoned darts
 D - 18 boomerangs (quivered)
 J - 11 javelins
 Q - a throwing net
Armour
 s - a +2 helmet (worn)
 u - the +0 pair of boots "Vulliuf" (worn) {Rampage Int+5}
   (You found it in a volcano)

   Int:       It affects your intelligence (+5).
   Rampage:   It bestows one free step when moving towards enemies.
 E - a +0 cloak (worn)
 F - a +0 buckler (worn)
 U - the +15 Maxwell's patent armour (worn) {-Cast -Tele rElec Will+ rCorr}
   (You found it on level 2 of the Lair of Beasts)

   rElec:     It insulates you from electricity.
   -Cast:     It prevents spellcasting.
   -Tele:     It prevents most forms of teleportation.
   rCorr:     It protects you from acid and corrosion.
   Will:      It increases your willpower.
 Z - a +2 pair of gloves of infusion (worn)
Jewellery
 f - a ring of see invisible (right hand)
 o - a ring of poison resistance
 B - an amulet of regeneration (around neck)
 L - a +4 ring of slaying (left hand)
 W - a ring of flight
Wands
 b - a wand of charming (6)
 w - a wand of paralysis (4)
 x - a wand of polymorph (15)
 G - a wand of digging (6)
 H - a wand of flame (23)
 O - a wand of iceblast (21)
 P - a wand of acid (19)
Scrolls
 c - a scroll of brand weapon {unknown}
 e - a scroll of identify
 i - 3 scrolls of fear
 j - 18 scrolls of teleportation
 k - 4 scrolls of blinking
 p - 4 scrolls of summoning
 q - 4 scrolls of fog
 r - 3 scrolls of enchant weapon
 y - 5 scrolls of vulnerability
 C - 3 scrolls of enchant armour
 M - 2 scrolls of amnesia
 X - 3 scrolls of immolation
Potions
 d - 4 potions of might
 g - 6 potions of haste
 h - a potion of resistance
 m - 9 potions of heal wounds
 n - 5 potions of lignification
 t - a potion of berserk rage
 K - 4 potions of ambrosia
 N - 7 potions of attraction
 R - 2 potions of invisibility
 Y - 5 potions of curing
Miscellaneous
 T - a phial of floods
 V - a box of beasts


   Skills:
 + Level 17.3 Fighting
 + Level 17.2 Axes
 + Level 16.9 Armour
 - Level 2.6 Shields
 - Level 2.0 Transmutations


You had 13 spell levels left.
You knew the following spells:

 Your Spells              Type           Power      Damage    Failure   Level
a - Wereblood             Tmut           9%         N/A       52%         2

Your spell library contained the following spells:

 Spells                   Type           Power      Damage    Failure   Level
 Sting                    Tmut/Pois      16%        1d3       52%         1
 Animate Skeleton         Necr           0%         N/A       67%         1
 Freeze                   Ice            0%         1d3       67%         1
 Pain                     Necr           0%         1d4       67%         1
 Passwall                 Tmut/Erth      3%         N/A       67%         2
 Ensorcelled Hibernation  Hex/Ice        0%         N/A       80%         2
 Poisonous Vapours        Pois/Air       0%         N/A       80%         2
 Sublimation of Blood     Necr           0%         N/A       80%         2
 Spider Form              Tmut/Pois      4%         N/A       88%         3
 Ignite Poison            Fire/Tmut/Pois 3%         N/A       91%         3
 Call Canine Familiar     Summ           0%         N/A       95%         3
 Dazzling Flash           Conj/Hex       0%         N/A       95%         3
 Frozen Ramparts          Ice            0%         1d2       95%         3
 Mephitic Cloud           Conj/Pois/Air  0%         N/A       95%         3
 Portal Projectile        Hex/Tloc       0%         N/A       95%         3
 Summon Guardian Golem    Hex/Summ       0%         N/A       95%         3
 Swiftness                Air            0%         N/A       95%         3
 Tukima's Dance           Hex            0%         N/A       95%         3
 Vampiric Draining        Necr           0%         2d6       95%         3
 Anguish                  Hex/Necr       0%         N/A       100%        4
 Cause Fear               Hex            0%         N/A       100%        4
 Hailstorm                Conj/Ice       0%         3d3       100%        4
 Leda's Liquefaction      Hex/Erth       0%         N/A       100%        4
 Olgreb's Toxic Radiance  Pois           0%         N/A       100%        4
 Agony                    Necr           0%         N/A       100%        5
 Borgnjor's Vile Clutch   Necr/Erth      0%         N/A       100%        5
 Freezing Cloud           Conj/Ice/Air   0%         6-21      100%        5
 Lee's Rapid Deconstruct  Erth           0%         3d5*      100%        5
 Silence                  Hex/Air        0%         N/A       100%        5
 Statue Form              Tmut/Erth      2%         N/A       100%        6
 Summon Cactus Giant      Summ           0%         N/A       100%        6
 Dragon Form              Tmut           4%         N/A       100%        7
 Enfeeble                 Hex            0%         N/A       100%        7
 Haunt                    Necr/Summ      0%         N/A       100%        7
 Orb of Destruction       Conj           0%         9d5       100%        7
 Spellforged Servitor     Conj/Summ      0%         N/A       100%        7
 Summon Hydra             Summ           0%         N/A       100%        7
 Chain Lightning          Conj/Air       0%         N/A       100%        9
 Dragon's Call            Summ           0%         N/A       100%        9
 Fire Storm               Conj/Fire      0%         5d1       100%        9
 Shatter                  Erth           0%         3d5*      100%        9


Dungeon Overview and Level Annotations

Branches:
Dungeon (15/15)            Temple (0/1) D:7            Lair (6/6) D:8
 Shoals (0/4) Lair:2       Spider (0/4) Lair:2        Slime (0/5) Lair:5
    Orc (2/2) D:11            Elf (0/3) Orc:2        Vaults (0/5) D:14
 Depths (3/4) D:15           Hell (visited)         Volcano (visited)
    Dis: Hell:1         Geh: Hell:1         Coc: Hell:1         Tar: Hell:1

Shops:
D:4 (   D:5 [   D:15 [   Orc:2 [(*=   Depths:1 [*[=

Portals:
Hell: Depths:1 Depths:2 Depths:3
Abyss: Depths:3
Pandemonium: Depths:2
Ziggurat: Depths:2
Trove: D:12 (give 7 scrolls of blinking)

Annotations:
Hell Geryon


Innate Abilities, Weirdness & Mutations

You have an increased reservoir of magic. (+10% MP)
You shall have no god before yourself.
Your divine heritage dramatically boosts your attributes as you level up.


Message History

You feel sick.
You feel sick.
Items here: ) [[[[ †††.
You feel sick.
Items here: )) [[ †.
You feel sick.
You start resting.
You feel sick. x2
You are no longer poisoned.
You start resting.
HP restored.
Items here: )) [[ †.
Things that are here:
a +2 spear of venom; a hornet corpse; a spriggan corpse Magic restored.
Things that are here:
a +2 spear of venom; a hornet corpse; a spriggan corpse
Found a stone staircase leading down.
A walking frostbound tome and a storm dragon come into view.
Found 14 stones, a halberd, a potion of degeneration and 24 gold pieces.
The walking frostbound tome's pages rustle loudly.
The storm dragon roars deafeningly!
You hear a shout! x2
A tengu reaver comes into view.
It is wielding a +0 halberd and wearing a +0 scale mail of poison resistance.
Unknown command.
The tengu reaver gestures at you while chanting.
The bolt of negative energy misses you.
The walking frostbound tome erupts in a flurry of living spells!
The tengu reaver casts a spell at you. The bolt of cold hits you!!!
The living spell casts itself at you.
The mass of ice explodes!
The iceblast engulfs you!!!
The tengu reaver points at you and mumbles some strange words.
The bolt of poison hits you!!
You are poisoned.
* * * LOW HITPOINT WARNING * * *
You feel very sick.
You feel very sick.
You feel very sick. The tengu reaver casts a spell at you.
The bolt of fire hits you!!! The fire burns you terribly!
You die...

...# #.......(.(.#.##.#.......#
...# #........;..##.#.#.####.##
...# #.........Q.##.....# #.#
...# #.......##.###...### #.#
...# #.....####.# #....# #.# ...#
#.....# #.# #...#.# #.# ...#
####### #.# #...### #.# ...# #.#
#...# #.# ...# #@# #...# ##.#
#...+...+ #.# #####...# #.# ##.#
...#
#################################
......(..........................
#################################


You could see a walking frostbound tome and a tengu reaver.

Vanquished Creatures
  A walking crystal tome (Depths:2)
  Frances (D:12)
  A shadow dragon (Depths:2)
  3 tengu reavers
  An orc warlord (Orc:2)
  3 frost giants
  An iron dragon (Depths:2)
  2 fire giants (Depths:2)
  A spriggan defender (Depths:3)
  2 stone giants (Depths:1)
  A juggernaut skeleton (Depths:3)
  4 vampire knights
  2 very ugly things (Depths:2)
  Nessos (Orc:2)
  The ghost of Sawk the Peltast, a journeyman MiFi of Cheibriados (D:13)
  3 ettins
  5 fire dragons
  Josephine (D:10)
  2 great orbs of eyes
  2 rakshasas (Depths:2)
  2 hell beasts (Depths:2)
  10 hydras
  4 ice dragons
  A catoblepas (Lair:6)
  A boulder beetle (D:14)
  3 spriggan air magi (Depths:3)
  A two-headed ogre (shapeshifter) (Depths:2)
  2 death knights (D:13)
  2 dancing weapons (D:14)
  10 deep troll shamans
  3 two-headed ogres
  Erica (D:8)
  4 centaur warriors
  An orc high priest (Orc:2)
  A tengu warrior (D:13)
  4 death yaks
  3 deep troll earth magi
  A vampire mage (Depths:2)
  A hell knight (Depths:2)
  A soul eater (Depths:2)
  A titan skeleton (Depths:3)
  Sonja (Orc:1)
  Amaemon (D:10)
  A shadow wraith (D:13)
  4 iron trolls
  A quicksilver dragon simulacrum (Depths:2)
  A storm dragon skeleton (Depths:3)
  A tengu zombie (Depths:3)
  10 deep trolls
  2 flayed ghosts (Depths:2)
  2 phantasmal warriors
  2 glowing orange brains
  An orb spider (Lair:2)
  A deep elf archer (Volcano)
  The ghost of enile the Skirmisher, a novice FoFi of Dithmenos (D:5)
  An orc knight (D:15)
  4 wizards
  A shadow dragon zombie (Depths:3)
  2 orc sorcerers
  8 deep elf pyromancers
  3 necromancers
  3 oklob plants (Lair:5)
  An iron dragon zombie (Depths:3)
  26 ugly things
  3 cyclopes
  3 manticores
  A tengu skeleton (Depths:3)
  13 elephants
  4 spectral centaurs (D:13)
  A frost giant skeleton (Depths:3)
  A naga mage (D:15)
  A torpor snail (Lair:5)
  2 guardian serpents (D:15)
  13 cane toads
  4 black mambas
  3 centaur zombies
  A molten gargoyle (Orc:2)
  An orange demon (D:10)
  2 centaur skeletons (D:15)
  A demonic crawler (Lair:1)
  A yaktaur (shapeshifter) (D:13)
  3 unseen horrors
  7 komodo dragons
  Maggie (D:6)
  2 rime drakes (Lair:5)
  2 efreet
  2 kobold demonologists
  3 freezing wraiths
  3 meliai (D:14)
  2 trolls
  4 polar bears (Lair:6)
  10 hornets
  8 large abominations (Depths:3)
  Prince Ribbit (D:7)
  16 blink frogs
  6 slime creatures
  6 dream sheep (Lair:5)
  A jumping spider (shapeshifter) (D:14)
  2 shadows
  7 wraiths
  A vampire (D:13)
  18 spriggans
  3 small abominations (Depths:3)
  8 wyverns
  5 water elementals
  71 yaks
  6 fire elementals (Volcano)
  3 basilisks
  3 chaos spawn (Depths:3)
  2 steam dragons
  19 vampire mosquitoes
  Edmund (D:5)
  2 wargs
  4 swamp worms
  22 water moccasins
  2 acid dragons
  A hell hound (Volcano)
  A floating eye (Depths:2)
  2 sky beasts
  A black bear (Lair:6)
  32 orc warriors
  3 boggarts (Lair:6)
  6 ogres
  14 centaurs
  29 wolves
  2 phantoms (D:4)
  2 kobold brigands
  15 bullfrogs
  2 necrophages (D:12)
  3 scorpions
  3 wights (D:9)
  4 killer bees
  8 electric eels
  9 howler monkeys
  A hound (D:6)
  A jelly (D:5)
  Crazy Yiuf (D:4)
  30 orc priests
  2 iguanas
  Ijyb (D:5)
  26 orc wizards
  6 adders
  7 gnolls
  2 shadow imps
  A white imp (D:4)
  2 ufetubi (D:6)
  3 worms
  5 dart slugs
  92 orcs
  5 endoplasms
  3 giant cockroaches
  5 goblins
  9 hobgoblins
  4 quokkas
  3 ball pythons
  4 bats
  2 frilled lizards (D:2)
  12 kobolds
  9 rats
857 creatures vanquished.

Vanquished Creatures (others)
  A phantasmal warrior (Depths:2)
  Psyche (D:11)
  3 bushes (D:8)
  29 fungi
  76 plants
  A withered plant (D:12)
111 creatures vanquished.

Grand Total: 968 creatures vanquished

Notes
Turn   | Place    | Note
-------+----------+-------------------------------------------
     0 | D:1      | drugrobin the Demigod Fighter began the quest for the Orb.
     0 | D:1      | Reached XP level 1. HP: 18/18 MP: 3/3
   306 | D:1      | Reached XP level 2. HP: 26/26 MP: 4/4
  1200 | D:2      | Reached XP level 3. HP: 26/31 MP: 5/5
  2011 | D:3      | Reached XP level 4. HP: 40/40 MP: 6/6
  2887 | D:4      | Noticed a sky beast
  2962 | D:4      | Noticed a sky beast
  2962 | D:4      | Found the +18 Lear's hauberk
  3210 | D:2      | Killed a sky beast
  3211 | D:2      | Reached XP level 5. HP: 26/47 MP: 7/7
  3617 | D:4      | Found a runed translucent door.
  3618 | D:4      | Noticed Crazy Yiuf
  3821 | D:4      | Found Ovuus's Weapon Boutique.
  3827 | D:4      | Bought a +2 short sword of venom for 202 gold pieces
  3827 | D:4      | Bought 4 curare-tipped darts for 31 gold pieces
  3965 | D:4      | Reached skill level 5 in Fighting
  3965 | D:4      | Reached XP level 6. HP: 50/56 MP: 8/8
  4478 | D:4      | Killed Crazy Yiuf
  4658 | D:5      | Entered Level 5 of the Dungeon
  5264 | D:5      | Reached skill level 5 in Axes
  5264 | D:5      | Reached XP level 7. HP: 60/61 MP: 9/9
  5286 | D:5      | Found a large runed translucent door.
  5286 | D:5      | Found a large runed translucent door.
  5290 | D:5      | Noticed enile's ghost (novice FoFi)
  5474 | D:5      | Noticed a wyvern
  5482 | D:5      | Killed a wyvern
  5677 | D:5      | Noticed Ijyb
  5690 | D:5      | Killed Ijyb
  5752 | D:5      | Noticed Edmund
  5792 | D:5      | Killed Edmund
  5831 | D:5      | Found Assipattle's Dragon-Slaying Spoils.
  6220 | D:5      | Killed enile's ghost
  6221 | D:5      | Reached skill level 5 in Armour
  6221 | D:5      | Reached XP level 8. HP: 38/71 MP: 10/10
  7178 | D:6      | Noticed Maggie
  7201 | D:6      | Killed Maggie
  7202 | D:6      | Reached XP level 9. HP: 24/79 MP: 11/11
  7851 | D:7      | Noticed Prince Ribbit
  7874 | D:7      | Killed Prince Ribbit
  7952 | D:7      | Noticed a cyan ugly thing
  7981 | D:6      | Killed a cyan ugly thing
  8722 | D:7      | Found a staircase to the Ecumenical Temple.
  9129 | D:8      | Reached XP level 10. HP: 76/90 MP: 13/13
  9394 | D:8      | Found a large runed translucent door.
  9394 | D:8      | Found a large runed translucent door.
  9445 | D:8      | Noticed a manticore
  9583 | D:8      | Found a large runed translucent door.
  9583 | D:8      | Found a large runed translucent door.
  9724 | D:8      | Identified the +10 hand axe of the Chewing Scavenger {elec,
                  | rF- rN+ MP+9 Str+3}
  9862 | D:8      | Noticed Erica
  9882 | D:8      | Killed Erica
  9893 | D:8      | Learned a level 2 spell: Wereblood
 10029 | D:8      | Found a staircase to the Lair.
 10165 | Lair:1   | Entered Level 1 of the Lair of Beasts
 10177 | Lair:1   | Reached skill level 1 in Transmutations
 10188 | Lair:1   | HP: 4/92 [poisoned by a cane toad]
 10564 | Lair:1   | Noticed a black mamba
 10567 | Lair:1   | Killed a black mamba
 10715 | Lair:1   | Reached skill level 10 in Fighting
 10724 | Lair:1   | Reached XP level 11. HP: 99/99 MP: 14/14
 10788 | Lair:1   | Noticed an eight-headed hydra
 10800 | Lair:1   | Killed a four-headed hydra
 11122 | Lair:1   | Reached skill level 10 in Axes
 11624 | Lair:2   | Found a hole to the Spider Nest.
 11624 | Lair:2   | Noticed an orb spider
 11745 | Lair:2   | Killed an orb spider
 11810 | Lair:2   | Noticed an eight-headed hydra
 11885 | Lair:1   | Killed a one-headed hydra
 12431 | Lair:2   | Found the +15 Maxwell's patent armour {-Cast -Tele rElec
                  | Will+ rCorr}
 13038 | Lair:2   | Reached skill level 10 in Armour
 13089 | Lair:2   | Noticed an eight-headed hydra
 13102 | Lair:2   | Killed a three-headed hydra
 13400 | Lair:2   | Found a staircase to the Shoals.
 13821 | Lair:3   | Noticed a death yak
 13821 | Lair:3   | Noticed a death yak
 13821 | Lair:3   | Noticed a death yak
 13831 | Lair:2   | Killed a death yak
 13837 | Lair:2   | Killed a death yak
 13838 | Lair:2   | Killed a death yak
 14078 | Lair:3   | Reached XP level 12. HP: 83/110 MP: 15/15
 14461 | Lair:3   | Noticed a five-headed hydra
 14469 | Lair:3   | Killed a one-headed hydra
 15037 | Lair:3   | Identified a scroll of acquirement
 15038 | Lair:3   | Acquired 961 gold pieces
 16609 | Lair:5   | Found a dark tunnel.
 16650 | Volcano  | Entered a volcano
 16883 | Volcano  | Reached XP level 13. HP: 94/119 MP: 16/16
 16934 | Volcano  | Identified the +0 pair of boots "Vulliuf" {Rampage Int+5}
 17334 | Lair:5   | Found a staircase to the Slime Pits.
 17851 | Lair:6   | Entered Level 6 of the Lair of Beasts
 18530 | Lair:6   | Paralysed by a hornet for 2 turns
 18676 | Lair:6   | Reached XP level 14. HP: 126/132 MP: 17/17
 19500 | D:8      | Identified the +9 trident of Zaeck {flame, Fragile +Blink
                  | rC+++ rCorr}
 19508 | D:8      | Got the Papyrus of the Mutagenic Rocks
 20015 | D:10     | Entered Level 10 of the Dungeon
 20254 | D:10     | Noticed Amaemon
 20263 | D:10     | Killed Amaemon
 20465 | D:10     | Noticed Josephine
 20474 | D:10     | Killed Josephine
 20782 | D:11     | Found a staircase to the Orcish Mines.
 20790 | D:11     | Noticed Psyche
 20800 | D:11     | Killed Psyche
 21498 | D:12     | Noticed Frances
 21516 | D:12     | Killed Frances
 21855 | D:12     | Found a portal to a secret trove of treasure.
 22585 | D:13     | Found a transporter.
 22590 | D:13     | Found a transporter.
 22780 | D:13     | Noticed Sawk's ghost (journeyman MiFi)
 23030 | Orc:1    | Entered Level 1 of the Orcish Mines
 23353 | Orc:2    | Entered Level 2 of the Orcish Mines
 23357 | Orc:1    | Noticed Sonja
 23383 | Orc:1    | Killed Sonja
 23468 | Orc:1    | Found a runed translucent door.
 23650 | Orc:2    | Noticed Nessos
 23758 | Orc:2    | Killed Nessos
 23881 | Orc:2    | Found Anwo's Assorted Antiques.
 23888 | Orc:2    | Bought a scroll labelled ZEAKHU CUESETUEMP for 35 gold
                  | pieces
 23888 | Orc:2    | Bought a white potion for 31 gold pieces
 23888 | Orc:2    | Bought a scroll of teleportation for 105 gold pieces
 24001 | Orc:2    | Found a staircase to the Elven Halls.
 24577 | Orc:2    | Reached skill level 15 in Fighting
 24647 | Orc:2    | Noticed an orc warlord
 24674 | Orc:2    | Killed an orc warlord
 24723 | Orc:2    | Found Fafox's Antique Weapon Shop.
 24725 | Orc:2    | Found Vuhecsor's Antique Armour Boutique.
 24732 | Orc:2    | Bought a crystal trident for 306 gold pieces
 24732 | Orc:2    | Identified the +6 trident "Zetuo" {vamp, rC+ rN+ Str-5
                  | Dex+6} (You bought it in a shop on level 2 of the Orcish
                  | Mines)
 24732 | Orc:2    | Bought a faintly glowing hand axe for 288 gold pieces
 24732 | Orc:2    | Identified the +4 hand axe "Xotrifip" {flame, Str+4} (You
                  | bought it in a shop on level 2 of the Orcish Mines)
 24740 | Orc:2    | Bought a masterwork chain mail for 342 gold pieces
 24740 | Orc:2    | Identified the +5 chain mail "Moiwyhig" {-Cast rN++ SInv
                  | Stlth+} (You bought it in a shop on level 2 of the Orcish
                  | Mines)
 24899 | Orc:2    | Found Pest's Jewellery Shop.
 25279 | D:13     | Reached skill level 15 in Axes
 25294 | D:13     | Killed Sawk's ghost
 25334 | D:13     | Reached XP level 15. HP: 70/141 MP: 18/18
 25592 | D:14     | Identified the +5 short sword of Byomopp {freeze, rC+}
 26156 | D:14     | Reached skill level 15 in Armour
 26327 | D:14     | Found a gate to the Vaults.
 26720 | D:15     | Entered Level 15 of the Dungeon
 26812 | D:15     | Got the Grimoire of Summoning
 27126 | D:15     | Found a staircase to the Depths.
 27482 | D:15     | Found Cuavot's Antique Armour Shoppe.
 27490 | D:15     | Bought a pair of glowing gloves for 180 gold pieces
 27791 | Depths:1 | Entered Level 1 of the Depths
 27946 | Depths:1 | Found a gateway to Hell.
 28030 | Depths:1 | Found Lizigid's Jewellery Boutique.
 28030 | Depths:1 | Found Cen Atwu's Armour Shop.
 28032 | Depths:1 | Found Zeekesir's Assorted Antiques.
 28036 | Depths:1 | Bought a scroll labelled ZEPUTZ JOABEFU for 25 gold pieces
 28036 | Depths:1 | Bought a scroll of blinking for 187 gold pieces
 28036 | Depths:1 | Found Untissics's Antique Armour Boutique.
 28816 | Depths:1 | Acquired a +1 executioner's axe of electrocution
 29254 | Depths:2 | Noticed a fire giant
 29264 | Depths:2 | Killed a fire giant
 29414 | Depths:2 | Found a one-way gate leading to the halls of Pandemonium.
 29414 | Depths:2 | Noticed a shadow dragon
 29414 | Depths:2 | Noticed a fire giant
 29424 | Depths:2 | Killed a fire giant
 29486 | Depths:2 | Killed a shadow dragon
 29516 | Depths:2 | Noticed a tengu reaver
 29544 | Depths:2 | HP: 5/145 [ice dragon (illusionary)/blast of cold (14)]
 29682 | Hell     | Entered the Vestibule of Hell
 29682 | Hell     | Noticed Geryon
 30060 | Depths:2 | Reached XP level 16. HP: 144/152 MP: 19/19
 30470 | Depths:2 | Noticed a walking crystal tome
 30483 | Depths:2 | Killed a walking crystal tome
 30645 | Depths:2 | Found a one-way gateway to a ziggurat.
 31307 | Depths:2 | Paralysed by a floating eye for 4 turns
 31319 | Depths:2 | Paralysed by a floating eye for 3 turns
 31326 | Depths:2 | Paralysed by a floating eye for 4 turns
 33256 | Depths:3 | Found a one-way gate to the infinite horrors of the Abyss.
 33391 | Depths:3 | Identified the +8 hunting sling of Tenacity {freeze, Str+6}
 33642 | Depths:3 | Noticed a walking frostbound tome
 33663 | Depths:3 | Killed from afar by a tengu reaver

Illustrated notes

Levels and vault maps discovered:
D:1:      nicolae_arrival_memento_mori, layout_loops_corners
D:2:      layout_basic, chequers_ecumenical_altar_simple_redux,
          minmay_misc_feat_plants
D:3:      layout_loops_ring
D:4:      layout_basic, serial_shops, shop, uniq_crazy_yiuf_cottage
D:5:      layout_loops_corners, ebering_ghost_disaster_area,
          nicolae_shop_dragon_depot, nicolae_zen_rock_garden, uniq_ijyb,
          uniq_edmund
D:6:      layout_cave_pods, minmay_circle_x, uniq_maggie
D:7:      nicolae_cairo_tiling, layout_rooms, temple_green, uniq_prince_ribbit1
D:8:      layout_loops_ring, minmay_lair_entry_grove,
          minmay_hollow_rounded_squares, uniq_erica
D:9:      layout_rooms
D:10:     layout_loops_cross, mainiacjoe_overflow_tiny_flanked, uniq_josephine,
          uniq_amaemon
D:11:     layout_big_octagon, orc_0_dummy, nicolae_ru_sacrificial_ziggurat,
          uniq_psyche
D:12:     layout_small_grid, serial_undead, serial_undead_b, serial_undead_b,
          serial_undead_f, serial_undead_c, nicolae_trove_entry_columns,
          uniq_frances
D:13:     layout_loops_cross, gammafunk_ghost_mausoleum, grunt_decor_clamped
D:14:     layout_basic, erik_vaults_1, nemelex_diamond_rough_becter
D:15:     grunt_enter_depths_magical_seal, layout_basic, serial_shops,
          nicolae_shop_overgrown_old_shop, minivault_14,
          nrook_guardian_serpent_double
Lair:1:   layout_gridlike
Lair:2:   layout_regular_city, minmay_shoals_entry_centaurs,
          nicolae_spider_entry_orb_guardian, wad_woods_road_01, minivault_27,
          minivault_25, dreamdust_deal_with_the_devil, st_stairs_12,
          worms_lemuel
Lair:3:   layout_regular_city
Lair:4:   layout_layer_cave, basic_altar, serial_bayou_shore_b,
          serial_bayou_shore_b, infiniplex_staircase_pool
Lair:5:   layout_cave_shapes, minmay_slime_entry_oklob_enclosed,
          nicolae_volcano_entry_lava_flow
Lair:6:   minmay_lair_end_enchanted_forest, layout_hall_layers, st_stairs_7,
          minivault_24, serial_bayou_shore_b, grunt_megastairs_1
Orc:1:    layout_caves, lightli_church_of_beogh, uniq_sonja
Orc:2:    grunt_orc_community_town_hall, layout_diamond_mine,
          grunt_orc_community_big_house_1, grunt_orc_community_big_house_2,
          grunt_orc_community_house_3, grunt_orc_community_house_3,
          grunt_orc_community_house_1, grunt_orc_community_house_3,
          grunt_orc_community_house_3, grunt_orc_community_house_1,
          abandoned_shop, nicolae_orc_lava_tube, uniq_nessos
Depths:1: layout_long_grid, hell_entry, nicolae_wu_jian_immortal_techniques,
          minmay_shoptagon, firewood_loft
Depths:2: minmay_the_grid_square_5x5_3x3
          [minmay_the_grid_square_5x5_tetrominoes,
          minmay_the_grid_square_5x5_misaligned,
          minmay_the_grid_square_5x5_checkered,
          minmay_the_grid_square_5x5_pentomino_r,
          minmay_the_grid_square_5x5_megaprize_diamond,
          minmay_the_grid_square_5x5_three_walls,
          minmay_the_grid_square_5x5_fancy_junction,
          minmay_the_grid_square_5x5_fat_x,
          minmay_the_grid_square_5x5_minivault], layout_gridlike,
          ziggurat_fallback, pan_entry, grunt_mini_vestibule,
          minmay_staircase_bubble
Depths:3: minmay_glassy_protrusions, layout_basic, minmay_room_of_horrors,
          pf_coc_iceberg, hangedman_decor_clover_reticule,
          infiniplex_staircase_spiral_double
Hell

Skill      XL: |  1  2  3  4  5  6  7  8  9 10 11 12 13 14 15 16 |
---------------+-------------------------------------------------+-----
Axes           | 2 3 4 5 6 7 8 9 11 12 13 15 16 17 | 17.2
Fighting       | 3 4 5 6 7 8 10 11 12 14 15 16 17 | 17.3
Armour         | 3 5 6 7 9 10 12 13 14 15 16 | 16.9
Transmutations | 2 |  2.0
Shields        | |  2.6

Action                   |  1- 3 |  4- 6 |  7- 9 | 10-12 | 13-15 | 16-18 || total
-------------------------+-------+-------+-------+-------+-------+-------++-------
Melee: War axe           |   109 |   108 |    52 |    68 |     9 |       ||   346
       Hand axe          |       |    31 |   289 |   465 |  1464 |   462 ||  2711
       Short sword       |       |    21 |    15 |     4 |    12 |       ||    52
       Scimitar          |       |       |       |    28 |    24 |       ||    52
Throw: Stone             |     4 |     5 |     1 |       |       |       ||    10
       Dart              |       |     4 |    16 |     5 |     2 |       ||    27
       Javelin           |       |       |     4 |     3 |       |       ||     7
 Cast: Wereblood         |       |       |       |     2 |       |       ||     2
Evoke: Wand              |       |       |     2 |     7 |     1 |       ||    10
  Use: Scroll            |       |       |       |    18 |    10 |     1 ||    29
 Stab: Petrified         |       |       |       |       |    10 |       ||    10
       Distracted        |       |       |       |       |     1 |       ||     1
Armor: Scale mail        |     7 |       |       |       |       |       ||     7
       Chain mail        |    48 |    89 |   203 |   177 |       |       ||   517
       Plate armour      |       |    26 |       |   267 |   936 |   364 ||  1593
Dodge: Dodged            |    39 |    33 |   106 |   192 |   405 |    91 ||   866
Block: Buckler           |    20 |    30 |    67 |   107 |   214 |    63 ||   501

Table legend: (Time is in decaauts)
 A = Elapsed time spent in this place.
 B = Non-inter-level travel time spent in this place.
 C = Inter-level travel time spent in this place.
 D = Time resting spent in this place.
 E = Time spent auto-exploring this place.
 F = Levels seen in this place.
 G = Mean time per level.
                   A        B        C        D        E       F      G
               +--------+--------+--------+--------+--------+-----+--------+
         Total |  33133 |  31492 |   1641 |   4097 |  20305 |  28 | 1183.3 |
       Dungeon |  16638 |  15570 |   1068 |   1421 |  10542 |  15 | 1109.2 |
          Lair |   8451 |   8130 |    321 |   1203 |   5328 |   6 | 1408.5 |
  Orcish Mines |   2098 |   1954 |    144 |    151 |   1276 |   2 | 1049.0 |
        Depths |   5604 |   5497 |    107 |   1218 |   3157 |   3 | 1868.0 |
          Hell |      6 |      6 |      0 |      0 |      0 |   1 |    6.0 |
       Volcano |    334 |    334 |      0 |    102 |      0 |   1 |  334.0 |
               +--------+--------+--------+--------+--------+-----+--------+

Top non-repeatable levels by time:
Depths:2: 2462 daAuts
  Lair:1: 1977 daAuts
     D:5: 1921 daAuts
Depths:1: 1632 daAuts
  Lair:2: 1630 daAuts
     D:8: 1579 daAuts
     D:6: 1512 daAuts
Depths:3: 1510 daAuts
   Orc:2: 1408 daAuts
  Lair:6: 1320 daAuts
     D:4: 1306 daAuts
  Lair:4: 1281 daAuts
     D:3: 1262 daAuts
    D:14: 1190 daAuts
  Lair:5: 1182 daAuts
